 Dungeon Crawl Stone Soup version 0.15-a0-39-g424acf8 (webtiles) character file.

2934 Qrupt the Ducker (level 9, -6/57 HPs)
             Began as a Human Necromancer on Apr 3, 2014.
             Was an Initiate of Kikubaaqudgha.
             Killed by divine providence
             ... invoked by an orc priest
              (15 damage)
             ... on Level 8 of the Dungeon.
             The game lasted 01:16:52 (10620 turns).

Qrupt the Ducker (Human Necromancer)               Turns: 10620, Time: 01:16:52

HP  -6/57        AC  6     Str 11      XL: 9   Next: 95%
MP  20/21        EV 16     Int 16      God: Kikubaaqudgha [......]
Gold 253         SH  0     Dex 14      Spells:  6 memorised,  4 levels left

rFire  + . .     SeeInvis .     y - +0 long sword
rCold  . . .     Clarity  .     D - +1 robe {rN+}
rNeg   + . .     Conserve .     (no shield)
rPois  .         rCorr    +     k - +2 hat
rElec  .         rRot     .     e - +0 cloak
SustAb . .       Spirit   .     (no gloves)
rMut   .         Warding  .     (no boots)
Saprov . . .     Stasis   .     x - amulet of resist corrosion
MR     .....                    s - ring of protection from fire
                                m - ring of sustenance

@: lethally poisoned, slowed, very slow, not resistant to hostile enchantments,
fairly stealthy
A: no striking features
a: Renounce Religion


You were on level 8 of the Dungeon.
You worshipped Kikubaaqudgha.
Kikubaaqudgha was noncommittal.
You were not hungry.

You visited 1 branch of the dungeon, and saw 8 of its levels.
You also visited: Sewer.

You collected 253 gold pieces.

Inventory:

Hand weapons
 y - a +0,+0 long sword (weapon)
 L - the -1,+3 flail "Giantbane" {venom, rPois}
   (You found it on level 7 of the Dungeon)

   It poisons the flesh of those it strikes.
   It protects you from poison.
Armour
 e - a +0 cloak (worn)
 k - a +2 hat (worn)
 D - a +1 robe of positive energy (worn)
Magical devices
 C - a wand of polymorph (13) {unknown}
Comestibles
 c - 3 bread rations
 u - 2 meat rations
Scrolls
 a - a scroll of silence {unknown}
 g - 2 scrolls of amnesia
 h - 2 scrolls of blinking
 o - a scroll of remove curse
 q - 2 scrolls of enchant armour
 z - a scroll of enchant weapon II
 A - a scroll of enchant weapon I {unknown}
 E - a scroll of fog
 F - a scroll of teleportation {unknown}
 I - 2 scrolls of recharging {unknown}
Jewellery
 l - an uncursed amulet of warding
 m - a ring of sustenance (left hand)
 s - a ring of protection from fire (right hand)
 x - an amulet of resist corrosion (around neck)
 G - an uncursed ring of ice
 J - an uncursed amulet of resist mutation
Potions
 d - 4 potions of agility
 f - a potion of poison
 i - 3 potions of haste
 j - 2 potions of mutation {unknown}
 n - a potion of confusion
 v - 2 potions of berserk rage
 w - a potion of might
Books
 b - a book of Necromancy

   Spells                             Type                      Level
   *Pain                              Necromancy                   1
   *Animate Skeleton                  Necromancy                   1
   *Lethal Infusion                   Charms/Necromancy            2
   *Vampiric Draining                 Necromancy                   3
   *Regeneration                      Charms/Necromancy            3
   *Animate Dead                      Necromancy                   4
   Control Undead                     Necromancy                   4
 t - a book of Control

   Spells                             Type                      Level
   Control Teleport                   Charms/Translocation         4
   Control Undead                     Necromancy                   4
   Enslavement                        Hexes                        4
   Metabolic Englaciation             Hexes/Ice                    5
   Mass Confusion                     Hexes                        6
 H - a book of Callings

   Spells                             Type                      Level
   Summon Small Mammal                Summoning                    1
   Call Imp                           Summoning                    2
   Call Canine Familiar               Summoning                    3
   Summon Guardian Golem              Hexes/Summoning              4
   Summon Lightning Spire             Summoning/Air                4
   Summon Ice Beast                   Ice/Summoning                4
Rods
 B - a +0 rod of shadows (9/9)
   (You found it on level 5 of the Dungeon)


   Skills:
 + Level 7.0 Long Blades
 + Level 7.7 Dodging
 - Level 2.0 Stealth
 - Level 5.3 Spellcasting
 - Level 6.7 Necromancy


You had 4 spell levels left.
You knew the following spells:

 Your Spells              Type           Power        Failure   Level  Hunger
a - Pain                  Necr           ####         1%          1    None
b - Animate Skeleton      Necr           N/A          1%          1    None
c - Lethal Infusion       Chrm/Necr      ###.......   8%          2    #......
d - Regeneration          Chrm/Necr      ###.......   12%         3    ###....
e - Animate Dead          Necr           N/A          12%         4    ####...
f - Vampiric Draining     Necr           ####......   2%          3    ###....


Dungeon Overview and Level Annotations

Branches:
Dungeon (8/15)             Temple (0/1) D:6
   Lair: D:8-11

Altars:
Kikubaaqudgha
Makhleb

Annotations:
D:5 exclusion: sky beast


Message History

The orc wizard's wounds heal themselves!
The orc wizard hits you but does no damage.
You feel sick. The orc wizard closely misses you.
You feel sick. The orc wizard hits you with a dagger.
The orc priest looks braver.
The orc wizard completely misses you.
The orc priest mumbles some strange prayers to Beogh against you.
Something smites you! The orc wizard casts a spell at you.
The magic dart hits you!
* * * LOW HITPOINT WARNING * * *
Drink which item? (? for menu, Esc to quit)
Okay, then.
You feel sick. The orc wizard closely misses you.
There is a stone staircase leading up here.
You feel sick. The orc wizard completely misses you.
The orc priest calls down the wrath of Beogh upon you.
Something smites you!
You die...
Kikubaaqudgha rasps: "You have failed me!
Welcome... death!"

.... .........###..
.....$........... ...
.......................
........................
................... ....
.................# ..Z.
.................# #...
......<.@oo......# #)..
.......<.........## ##...
................o..###(...
................Z....((....
#..........................
#......................?...
##.....................(....
#...............###......[..
...............## ##..(.....


You could see an orc priest, an orc wizard, an orc and a yak zombie.

Vanquished Creatures
  Edmund (D:6)
  A necrophage (D:5)
  An orc warrior (D:6)
  A sky beast (D:5)
  2 centaurs
  Duvessa (D:6)
  5 giant frogs
  A water moccasin zombie (D:5)
  A scorpion (D:6)
  5 killer bees
  A yak skeleton (D:7)
  Dowan (D:6)
  A goliath beetle (D:6)
  A giant frog zombie (D:7)
  3 hounds
  2 gnoll shamans (D:4)
  An orc priest (D:3)
  A jelly (D:5)
  8 worker ants
  5 orc wizards
  Natasha (twice) (D:6)
  3 iguanas (D:7)
  7 gnolls
  10 adders
  4 giant mites
  3 worms
  An adder zombie (D:7)
  A giant eyeball (D:6)
  An ooze (D:3)
  16 orcs
  A bat skeleton (D:4)
  7 giant cockroaches
  8 hobgoblins
  6 jackals
  15 kobolds
  11 bats
  3 giant geckos
  6 giant newts
  A giant newt skeleton (D:5)
  9 goblins
  A hobgoblin zombie (D:6)
  A jackal skeleton (D:6)
  2 orc zombies
  2 quokkas
  A quokka zombie (D:5)
  37 rats
202 creatures vanquished.

Vanquished Creatures (collateral kills)
  The ghost of EdwardR the Ruffian, an experienced TrFi of Okawaru (D:6)
  2 killer bees (D:7)
  A jelly (D:7)
  A hound (D:6)
  3 gnolls (D:4)
  2 adders (D:2)
  An orc zombie (D:7)
  3 worms
  An ooze (D:1)
  An orc (D:5)
  Natasha (D:6)
  2 goblins
  3 hobgoblins
  2 kobolds
  3 bats
  3 giant cockroaches
  A giant newt (D:5)
  2 quokkas
  2 rats
  A butterfly (D:6)
36 creatures vanquished.

Vanquished Creatures (others)
  A crimson imp (D:5)
  2 giant frog skeletons
  2 hound skeletons
  A scorpion zombie (D:6)
  A worm zombie (D:6)
  An iguana zombie (D:7)
  2 orc zombies (D:5)
  5 adder skeletons
  3 bat skeletons (D:2)
  2 giant newt skeletons
  A goblin skeleton (D:4)
  A hobgoblin skeleton (D:5)
  2 jackal skeletons
  A kobold skeleton (D:7)
  An orc skeleton (D:3)
  A quokka skeleton (D:2)
  A rat skeleton (D:2)
28 creatures vanquished.

Grand Total: 266 creatures vanquished

Notes
Turn   | Place    | Note
--------------------------------------------------------------
     0 | D:1      | Qrupt, the Human Necromancer, began the quest for the Orb.
     0 | D:1      | Reached XP level 1. HP: 13/13 MP: 3/3
    71 | D:1      | Reached XP level 2. HP: 10/19 MP: 0/4
   226 | D:1      | Learned a level 1 spell: Animate Skeleton
   576 | D:1      | Reached XP level 3. HP: 12/24 MP: 2/6
  1718 | D:2      | Reached XP level 4. HP: 22/30 MP: 5/9
  2054 | D:2      | Found a burning altar of Makhleb.
  2061 | D:2      | Reached skill level 5 in Necromancy
  2061 | D:2      | Reached XP level 5. HP: 21/35 MP: 3/11
  2417 | D:3      | Found a glowing drain.
  2421 | Sewer    | Entered a sewer
  2783 | D:3      | You fall through a shaft!
  2786 | D:4      | Reached XP level 6. HP: 32/41 MP: 6/15
  2900 | D:3      | HP: 2/41 [goblin/dagger (2)]
  4424 | D:3      | Reached skill level 6 in Necromancy
  4673 | D:4      | Learned a level 2 spell: Lethal Infusion
  4677 | D:4      | Learned a level 3 spell: Regeneration
  4682 | D:4      | Learned a level 4 spell: Animate Dead
  4760 | D:4      | Reached XP level 7. HP: 24/46 MP: 9/17
  5188 | D:4      | Learned a level 3 spell: Vampiric Draining
  5283 | D:4      | Reached skill level 5 in Spellcasting
  5631 | D:5      | Entered Level 5 of the Dungeon
  5869 | D:5      | Reached skill level 1 in Long Blades
  6020 | D:5      | Reached XP level 8. HP: 36/52 MP: 3/20
  6707 | D:6      | Noticed Natasha
  6739 | D:6      | Killed Natasha
  6866 | D:6      | Found an ancient bone altar of Kikubaaqudgha.
  6910 | D:6      | Found a staircase to the Ecumenical Temple.
  7255 | D:6      | Became a worshipper of Kikubaaqudgha
  7368 | D:6      | Noticed EdwardR's ghost (experienced TrFi)
  7385 | D:6      | Killed EdwardR's ghost
  7385 | D:6      | Reached skill level 5 in Dodging
  7537 | D:6      | Noticed Natasha
  7546 | D:6      | Killed Natasha
  7555 | D:6      | Reached XP level 9. HP: 37/57 MP: 15/21
  7721 | D:6      | Paralysed by a giant eyeball for 2 turns
  8018 | D:6      | Reached skill level 5 in Long Blades
  8678 | D:6      | Noticed Dowan
  8688 | D:6      | Noticed Duvessa
  8707 | D:6      | Killed Duvessa
  8711 | D:6      | Killed Dowan
  8755 | D:6      | Noticed Natasha
  8760 | D:6      | Killed Natasha
  8949 | D:6      | Noticed Edmund
  9002 | D:6      | Killed Edmund
  9512 | D:7      | Got an ivory flail
  9513 | D:7      | Identified the cursed -1,+3 flail "Giantbane" {venom, rPois} (You found it on level 7 of the Dungeon)
  9581 | D:7      | Reached skill level 7 in Dodging
 10309 | D:8      | Paralysed by a giant eyeball for 3 turns
 10442 | D:8      | Paralysed by a giant eyeball for 2 turns
 10620 | D:8      | Killed from afar by an orc priest

Action                   |  1- 3 |  4- 6 |  7- 9 || total
-------------------------+-------+-------+-------++-------
Melee: Unarmed           |     8 |       |       ||     8
       Hand axe          |    22 |    62 |       ||    84
       Dagger            |       |    55 |       ||    55
       Long sword        |       |     8 |   237 ||   245
 Cast: Pain              |    45 |   130 |   134 ||   309
       Animate Skeleton  |     5 |    20 |    10 ||    35
       Vampiric Draining |       |       |    54 ||    54
       Lethal Infusion   |       |       |    15 ||    15
       Animate Dead      |       |       |     7 ||     7
       Regeneration      |       |       |     9 ||     9
  Use: Scroll            |       |    12 |     8 ||    20
       Potion            |       |     5 |     8 ||    13
 Stab: Distracted        |     1 |     1 |     3 ||     5
       Sleeping          |       |     1 |     4 ||     5
